Cogmind - Beta 10.2 @@@ ROGUE MODE // 2021.01.18 @ 18:14:17 Player: cavemonk Result: Destroyed by 8R-AWN with 8R-AWN's Boregun Performance ------------- Evolutions (1) 500 Regions Visited (5) 1000 Robots Destroyed (35) 175 Value Destroyed (624) 624 Prototype IDs (24) 480 Alien Tech Used (0) 0 Bonus (416) 416 TOTAL SCORE: 3195 Bonus ------- Follower Combat Kills 116 Aligned with FarCom 300 Cogmind --------- Core Integrity 0/400 Matter 20/300 Energy 100/100 System Corruption 15% Temperature Cool (0) Movement Core (800) Ox15 Location -9/Exiles Parts ------- > --- POWER (1) -------- (None) > --- PROPULSION (2) --- (None) > --- UTILITY (4) ------ Large Storage Unit Large Storage Unit Large Storage Unit > --- WEAPON (2) ------- (None) > --- INVENTORY (22) --- Light Nuclear Core Cooling System Medium Storage Unit Medium Storage Unit Large Storage Unit Large Matter Pod (150) Improved Sensor Array Experimental Sensor Array Hardened Light Armor Plating Latent Energy Streamer Grenade Launcher Rocket Launcher Mini Grenade Launcher Mini Grenade Launcher Mini Grenade Launcher Mini Grenade Launcher Peak State ------------ > --- POWER ------------ Light Nuclear Core > --- PROPULSION ------- Light Treads Light Treads > --- UTILITY ---------- Large Storage Unit Large Storage Unit Large Storage Unit Hardened Light Armor Plating > --- WEAPON ----------- Latent Energy Streamer Heavy Battle Rifle > --- INVENTORY -------- Improved Ion Engine Light Nuclear Core Light Treads Cooling System Medium Storage Unit Medium Storage Unit Large Storage Unit Large Matter Pod Improved Sensor Array Experimental Sensor Array Hardened Light Armor Plating Chronowheel Heavy Assault Rifle Shotgun Shotgun Shotgun Grenade Launcher Rocket Launcher Mini Grenade Launcher Mini Grenade Launcher Mini Grenade Launcher Mini Grenade Launcher [Rating: 29] Favorites ----------- Power Light Nuclear Core Engine Ion Engine Power Core Light Nuclear Core Propulsion Light Treads Treads Light Treads Wheel Wheel Utility Large Storage Unit Device Improved Terrain Scanner Storage Large Storage Unit Protection Hardened Light Armor Plating Weapon Heavy Battle Rifle Energy Gun EM Pulse Gun Energy Cannon Latent Energy Streamer Ballistic Gun Heavy Battle Rifle Launcher Grenade Launcher Slashing Weapon Mining Claw Build | -11 -10 -10 -9 -9 -9 ------- Run | Scr Mat Min Mat Min Exi Slots Evolved 2 | . . . 2 . . Power . | . . . . . . Propulsion . | . . . . . . Utility 2 | . . . 2 . . Weapon . | . . . . . . Parts Attached 50 | 6 8 2 18 6 10 Power 5 | 1 2 . 1 . 1 Engine 4 | 1 2 . . . 1 Core 1 | . . . 1 . . Reactor . | . . . . . . Propulsion 11 | 2 1 1 5 1 1 Treads 8 | 1 1 . 4 1 1 Leg . | . . . . . . Wheel 3 | 1 . 1 1 . . Hover . | . . . . . . Flight . | . . . . . . Utility 9 | 1 2 . 5 . 1 Device 1 | . 1 . . . . Storage 5 | 1 1 . 3 . . Processor . | . . . . . . Hackware . | . . . . . . Protection 3 | . . . 2 . 1 Artifact . | . . . . . . Weapon 25 | 2 3 1 7 5 7 Energy Gun 4 | 2 1 . 1 . . Energy Cannon 1 | . . . . . 1 Ballistic Gun 12 | . 2 1 2 2 5 Ballistic Cannon . | . . . . . . Launcher 6 | . . . 2 3 1 Special Weapon . | . . . . . . Impact Weapon . | . . . . . . Slashing Weapon 2 | . . . 2 . . Piercing Weapon . | . . . . . . Special Melee Weapon . | . . . . . . Unidentified Prototypes 1 | . . . 1 . . Parts Lost 16 | . 2 1 2 1 10 Power 4 | . 1 . 1 . 2 Propulsion 4 | . . . . 1 3 Utility 2 | . . 1 1 . . Weapon 6 | . 1 . . . 5 Highest Loss Streak 7 | . 1 1 1 1 7 Average Slot Usage (%) 95 | . 99 93 93 100 88 Engine 5 | . 13 14 4 . 2 Core 6 | . . . 6 11 6 Treads 16 | . 14 14 15 19 18 Wheel 6 | . 14 14 6 2 . Device 3 | . 13 7 . . . Storage 27 | . 14 14 33 33 33 Protection 6 | . . . 6 11 7 Energy Gun 3 | . 21 . . . . Ballistic Gun 17 | . 6 28 15 21 16 Launcher 1 | . . . 3 . . Naked Turns . | . . . . . . Heaviest Build 74 | 11 28 28 65 65 74 Greatest Support 40 | 10 20 10 40 40 40 Greatest Overweight (x) 6 | 1 2 2 6 6 3 Average Overweight (x) 1 | . 1 2 3 2 1 Largest Inventory Capacity 22 | 6 10 10 22 22 22 Average Capacity 17 | 5 7 10 21 22 22 Most Carried 22 | 5 10 10 22 22 22 Average Carried 14 | 3 6 9 13 21 20 Final Capacity 22 | 6 10 10 22 22 22 Final Carried 22 | 5 10 10 21 22 16 Class Distribution -------------------- 67% | Hauler-Mutant 32% | Mutant Dominant Class ---------------- Mutant | -10/Materials Mutant | -10/Mines Hauler-Mutant | -9/Materials Hauler-Mutant | -9/Mines Hauler-Mutant | -9/Exiles Resources | -11 -10 -10 -9 -9 -9 ----------- Run | Scr Mat Min Mat Min Exi Matter Collected 891 | 260 80 15 281 236 19 Remotely . | . . . . . . Salvage Created 1169 | 232 500 . 157 183 97 Parts 73 | 18 21 . 16 18 . Haulers Intercepted 2 | . 1 . 1 . . Recyclers Shooed 2 | 1 1 . . . . Parts Field Recycled . | . . . . . . Retrieved Matter . | . . . . . . Parts Self-Destructed . | . . . . . . Prevented . | . . . . . . Kills | -11 -10 -10 -9 -9 -9 ------- Run | Scr Mat Min Mat Min Exi Combat Hostiles Destroyed 28 | . 6 . 5 10 7 Guns 15 | . 6 . 5 3 1 AOE 12 | . . . . 7 5 Classes Destroyed 9 | 2 3 . 2 1 1 Worker 1 | . . . . 1 . Builder 1 | . 1 . . . . Tunneler 7 | 7 . . . . . Hauler 2 | . 1 . 1 . . Recycler 3 | 1 2 . . . . Swarmer 11 | . . . 4 7 . Grunt 9 | . 6 . . 3 . Sentry 1 | . . . 1 . . Assembled 7 | . . . . . 7 Best Kill Streak 8 | 4 4 . 4 8 7 Combat Bots Only 8 | . 2 . 4 8 7 Max Kills in Single Turn 4 | 1 1 . 1 4 3 Gunslinging . | . . . . . . Exploded 3 | . . . . 3 3 Melee . | . . . . . . Uniques/NPCs Destroyed . | . . . . . . Combat | -11 -10 -10 -9 -9 -9 -------- Run | Scr Mat Min Mat Min Exi Damage Taken 2567 | 16 296 246 268 315 1426 Core 489 | . 23 55 30 26 355 Absorbed by Shields . | . . . . . . Core Remaining (%) 84 | 100 . 68 . . . Volleys Fired 115 | 18 35 . 13 15 34 Largest 2 | 2 2 . 2 2 2 Hottest 90 | 80 90 . 56 56 60 Shots Fired 215 | 36 69 . 25 27 58 Gun 206 | 36 69 . 25 24 52 Cannon 4 | . . . . . 4 Launcher 5 | . . . . 3 2 Special . | . . . . . . Kinetic 101 | . . . 25 24 52 Thermal 23 | . 23 . . . . Explosive 5 | . . . . 3 2 Electromagnetic 86 | 36 46 . . . 4 Robot Hit Streak 12 | 7 8 . 7 7 12 Robot Miss Streak 3 | 2 3 . 1 1 2 Penetration Max . | . . . . . . Secondary Targets 2 | . 1 . . 1 . Max Gunslinging Chain 1 | . 1 . . 1 . Shots Hit Robots 137 | 23 43 . 18 18 35 Core Hits 70 | 8 19 . 6 15 22 Critical Hits 1 | . . . . . 1 Critical Kills . | . . . . . . Critical Parts Destroyed . | . . . . . . Melee Attacks 7 | . . . 7 . . Impact . | . . . . . . Slashing 7 | . . . 7 . . Piercing . | . . . . . . Sneak Attacks . | . . . . . . Combat Hostiles . | . . . . . . Follow-up Attacks . | . . . . . . Damage Inflicted 3232 | 398 593 . 264 664 1313 Guns 2137 | 312 538 . 225 280 782 Cannons . | . . . . . . Explosions 1053 | 86 55 . . 384 528 Melee . | . . . . . . Ramming 42 | . . . 39 . 3 Kinetic 1287 | . . . 225 280 782 Thermal 288 | 86 194 . . 8 . Explosive 501 | . . . . 376 125 Electromagnetic 1114 | 312 399 . . . 403 Impact . | . . . . . . Slashing . | . . . . . . Piercing . | . . . . . . Highest Corruption 15 | . . . 2 2 15 Average Corruption 2 | . . . 2 2 5 Corruption Purged . | . . . . . . Effects 28 | . . . 4 8 16 Message Errors 5 | . . . 1 1 3 Heat Flow Errors 4 | . . . . 3 1 Energy Discharges 4 | . . . . 2 2 Parts Rejected 1 | . . . . . 1 Data Loss (minor) 3 | . . . 1 1 1 Data Loss (major) 1 | . . . . . 1 Targeting Errors 9 | . . . 2 1 6 Weapon Failures 1 | . . . . . 1 Overload Shots . | . . . . . . Overflow Damage 34 | . . . . . 34 Projectiles . | . . . . . . Explosions 34 | . . . . . 34 Melee . | . . . . . . Knockbacks . | . . . . . . Impact . | . . . . . . Kinetic . | . . . . . . Secondary . | . . . . . . Self-Inflicted Damage 102 | 17 18 . 28 . 39 Shots 3 | 1 1 . . . 1 Rammed 5 | . . . 2 . 3 Targets Rammed 5 | . . . 2 . 3 Kicked . | . . . . . . Crushed . | . . . . . . Highest Temperature 275 | 68 180 . 21 246 275 Average Temperature 71 | 23 69 . 12 105 94 Received Heat Transfer 336 | . 150 . 15 171 . Siege Activations . | . . . . . . Robots Corrupted 1 | . . . . . 1 Combat Hostiles 1 | . . . . . 1 Parts Fried 3 | 3 . . . . . Impact Corruptions . | . . . . . . Robots Melted . | . . . . . . Combat Hostiles . | . . . . . . Parts Melted 1 | . 1 . . . . Heat Transferred 607 | 50 507 . . 50 . Parts Sabotaged . | . . . . . . Parts Stolen . | . . . . . . Parts Stripped . | . . . . . . Power Chain Reactions 3 | 2 1 . . . . Missiles Intercepted . | . . . . . . Latent Energy Used 800 | . . . . . 800 LE Corruption 12 | . . . . . 12 Alert | -11 -10 -10 -9 -9 -9 ------- Run | Scr Mat Min Mat Min Exi Peak Influence 223 | 40 188 . 124 223 . Initial 26 | . 26 . . 13 . Average 59 | 21 85 . 22 109 . Maximum Alert Level 1 | . . . . 1 . Low Security (%) 92 | 100 100 100 100 77 . Level 1 7 | . . . . 22 . Level 2 . | . . . . . . Level 3 . | . . . . . . Level 4 . | . . . . . . Level 5 . | . . . . . . High Security . | . . . . . . Max Security . | . . . . . . Squads Dispatched 3 | . 1 . 2 . . Investigation . | . . . . . . Extermination . | . . . . . . Reinforcement 3 | . 1 . 2 . . Assault . | . . . . . . Garrison . | . . . . . . Intercept . | . . . . . . Construction Impeded . | . . . . . . Haulers Reinforced . | . . . . . . Stealth | -11 -10 -10 -9 -9 -9 --------- Run | Scr Mat Min Mat Min Exi Distress Signals 2 | . . . 2 . . Communications Jammed . | . . . . . . Distress Signals . | . . . . . . Times Spotted 44 | . 7 9 15 8 5 Peak Tracking Total 13 | . 2 13 4 4 9 Tactical Retreats 2 | . . 1 . 1 . Traps | -11 -10 -10 -9 -9 -9 ------- Run | Scr Mat Min Mat Min Exi Traps Triggered . | . . . . . . Indirectly . | . . . . . . Trap Hack Attempts . | . . . . . . Triggered . | . . . . . . Disarmed . | . . . . . . Reprogrammed . | . . . . . . Reused . | . . . . . . Traps Extracted . | . . . . . . Installed . | . . . . . . Triggered . | . . . . . . Machines | -11 -10 -10 -9 -9 -9 ---------- Run | Scr Mat Min Mat Min Exi Machines Disabled 11 | . 1 . 1 5 4 Max in Single Turn 2 | . 1 . . 2 1 Machines Sabotaged . | . . . . . . Garrisons Compromised . | . . . . . . Overloaded Fab Kills . | . . . . . . Fab Network Shutdowns . | . . . . . . Hacking | -11 -10 -10 -9 -9 -9 --------- Run | Scr Mat Min Mat Min Exi Machines Accessed 6 | . 3 . 2 . 1 Terminals 4 | . 2 . 2 . . Fabricators . | . . . . . . Repair Stations . | . . . . . . Recycling Units 1 | . 1 . . . . Scanalyzers . | . . . . . . Garrison Access . | . . . . . . Total Hacks 13 | . 5 . 7 . 1 Successful 10 | . 4 . 5 . 1 Failed 3 | . 1 . 2 . . Catastrophic 1 | . . . 1 . . Database Lockouts . | . . . . . . Manual 8 | . 2 . 5 . 1 Terminals 11 | . 4 . 7 . . Fabricators . | . . . . . . Repair Stations . | . . . . . . Recycling Units 1 | . 1 . . . . Scanalyzers . | . . . . . . Garrison Access . | . . . . . . Terminal Hacks 6 | . 3 . 2 . 1 Terminal Index 1 | . 1 . . . . Alert Level 1 | . 1 . . . . Transport Status 1 | . 1 . . . . Hauler Manifests 1 | . . . 1 . . Zone Layout 1 | . . . 1 . . EX-Prototype ID Bank 1 | . . . . . 1 Fabricator Hacks . | . . . . . . Repair Station Hacks . | . . . . . . Recycling Unit Hacks 1 | . 1 . . . . Retrieve Components 1 | . 1 . . . . Scanalyzer . | . . . . . . Garrison Access Hacks . | . . . . . . Unauthorized Hacks 3 | . . . 3 . . Terminals 3 | . . . 3 . . Track 1 | . . . 1 . . Botnet 1 | . . . 1 . . Operators 1 | . . . 1 . . Fabricators . | . . . . . . Repair Stations . | . . . . . . Recycling Units . | . . . . . . Scanalyzers . | . . . . . . Garrison Access . | . . . . . . Data Cores Recovered . | . . . . . . Used . | . . . . . . Hacking Detections 4 | . 2 . 2 . . Full Trace Events . | . . . . . . Feedback Events . | . . . . . . Feedback Blocked . | . . . . . . Robot Schematics Acquired . | . . . . . . Robots Built . | . . . . . . Matter . | . . . . . . Time . | . . . . . . Total Robot Build Rating . | . . . . . . Part Schematics Acquired . | . . . . . . Parts Built . | . . . . . . Matter . | . . . . . . Time . | . . . . . . Total Part Build Rating . | . . . . . . Parts Repaired . | . . . . . . Time . | . . . . . . Parts Recycled . | . . . . . . Recycled Matter . | . . . . . . Retrieved Matter . | . . . . . . Retrieved Components 10 | . 10 . . . . Parts Scanalyzed . | . . . . . . Part Schematics Acquired . | . . . . . . Parts Damaged . | . . . . . . Bothacking | -11 -10 -10 -9 -9 -9 ------------ Run | Scr Mat Min Mat Min Exi Used RIF Installer . | . . . . . . Robots Hacked . | . . . . . . Non-combat . | . . . . . . Combat . | . . . . . . Robot Hacks Applied . | . . . . . . Relay Couplers Released . | . . . . . . Robots Rewired . | . . . . . . Allies Hacked . | . . . . . . Hacks Repelled . | . . . . . . Allies | -11 -10 -10 -9 -9 -9 -------- Run | Scr Mat Min Mat Min Exi Total Allies 3 | . . 3 . . . Largest Group 3 | . . 3 3 . . Highest-Rated Group 40 | . . 40 40 . . Highest-Rated Ally 16 | . . 16 16 . . Total Orders 2 | . . . 2 . . STAY 1 | . . . 1 . . FOLLOW 1 | . . . 1 . . Ally Attacks 40 | . . . 40 . . Total Damage 420 | . . . 420 . . Kills 5 | . . . 5 . . Allies Corrupted . | . . . . . . Allies Melted . | . . . . . . Intel | -11 -10 -10 -9 -9 -9 ------- Run | Scr Mat Min Mat Min Exi Robot Analysis Total . | . . . . . . Derelict Logs Recovered 2 | . . 1 . 1 . Drone Launches . | . . . . . . Drone Recoveries . | . . . . . . Exploration | -11 -10 -10 -9 -9 -9 ------------- Run | Scr Mat Min Mat Min Exi Turns Passed 3180 | 247 512 264 815 866 476 Spaces Moved 1588 | 101 304 249 288 474 172 Core 1 | 1 . . . . . Treads 779 | . 106 . 140 361 172 Legs . | . . . . . . Wheels 808 | 100 198 249 148 113 . Hover . | . . . . . . Flight . | . . . . . . Fastest Speed 50 | 50 90 100 130 140 180 Average Speed 142 | 86 118 100 156 170 181 Slowest Speed 220 | 90 160 100 200 180 220 Overloaded Moves . | . . . . . . Propulsion Burnouts . | . . . . . . Robots Hopped . | . . . . . . Cave-ins Triggered . | . . . . . . Time Travels 1 | . . . . . 1 Exploration Rate (%) 48 | 4 44 72 34 93 41 Regions Visited 5 Branch Regions 3 Pre-discovered Areas . | . . . . . . Known Exits Taken 1 | . . . 1 . . Unknown Exits Taken 4 | 1 1 1 . 1 . Scrap Searched 2 | . . 1 . 1 . Spaces Dug 19 | . . . 5 8 6 Terrain Destroyed 81 | 8 1 . 7 26 39 Melee 5 | . . . 5 . . Projectile 2 | . . . 1 1 . AOE 73 | 8 1 . . 25 39 Terrain Rammed 1 | . . . 1 . . Walls Destroyed 1 | . . . 1 . . Machines Disabled . | . . . . . . Actions | -11 -10 -10 -9 -9 -9 --------- Run | Scr Mat Min Mat Min Exi Total 2246 | 221 388 266 610 503 258 Wait 432 | 92 28 12 259 6 35 Move 1583 | 100 303 248 287 473 172 Hop . | . . . . . . Pick Up 33 | 5 9 1 15 2 1 Fast Attach 15 | 6 2 . 5 1 1 Attach 17 | . 4 . 6 1 6 Detach 4 | . . . 3 . 1 Swap 18 | . 2 2 7 4 3 Drop 16 | . 5 3 5 1 2 Fire 115 | 18 35 . 13 15 34 Melee 7 | . . . 7 . . Ram 5 | . . . 2 . 3 Kick . | . . . . . . Crush 1 | . . . 1 . . Escape Stasis . | . . . . . . Rewire . | . . . . . . Trap . | . . . . . . Miscellaneous . | . . . . . . Route ------- -11/Scrapyard -10/Materials (discovered 2 exits: *Mat / [*Min]) -10/Mines -9/Materials (discovered 2 exits: *Mat / *Min) -9/Mines (discovered 4 exits: *Mat x2 / *Exi / [*Zio]) -9/Exiles History --------- Turn | Location | Event 17 | -11/Scrapyard | Discovered new exit (range 16) 248 | -11/Scrapyard | Entered Materials 312 | -10/Materials | Build established: Mutant 367 | -10/Materials | Discovered new exit (range 8) 689 | -10/Materials | Discovered new exit (range 14) 760 | -10/Materials | Entered Mines 876 | -10/Mines | Learned 2 Materials zone layouts 891 | -10/Mines | Assembled infested the area 896 | -10/Mines | Assisted by a Guerilla fighting off Assembled 919 | -10/Mines | A weapon hastily lodged in a ceiling crevice suddenly fell to the ground 959 | -10/Mines | Assisted by bots powering up and referring to "LRC-V3" 1001 | -10/Mines | Discovered new exit (range 9) 1024 | -10/Mines | Entered Materials 1024 | -9/Materials | Accompanied by 3 allies 1024 | -9/Materials | Evolved 2 slots: Utility x2 1025 | -9/Materials | Identified exit to Materials 1025 | -9/Materials | Identified exit to Mines 1328 | -9/Materials | Build established: Hauler-Mutant 1839 | -9/Materials | Entered Mines 1864 | -9/Mines | Destroyed 8 combat bots 1933 | -9/Mines | Found a damaged Exp. Sensor Array with a note attached 1936 | -9/Mines | Found Prototype Device 2246 | -9/Mines | Discovered exit to Materials (range 11) 2249 | -9/Mines | Learned Materials emergency access door positions 2327 | -9/Mines | Discovered exit to Materials (range 15) 2574 | -9/Mines | A Derelict revealed a hidden shortcut to a safe place 2697 | -9/Mines | Deemed a non-threat by the Exiles lab entrance 2697 | -9/Mines | Discovered new exit (range 5) 2705 | -9/Mines | Entered Exiles 2752 | -9/Exiles | Met 8R-AWN 2783 | -9/Exiles | Met EX-HEX 2833 | -9/Exiles | Met EX-BIN 2867 | -9/Exiles | Aligned with FarCom system 2869 | -9/Exiles | Given EX-Vault access code 2911 | -9/Exiles | Opened EX-Vault 2926 | -9/Exiles | Found Latent Energy Streamer 2934 | -9/Exiles | Found Chronowheel 2935 | -9/Exiles | Activated Chronowheel 2935 | -9/Exiles | Spacetime reconverged on an earlier point 2968 | -9/Exiles | Attacked by the Exiles 3018 | -9/Exiles | Destroyed 7 combat bots 3053 | -9/Exiles | System corruption reached 10% 3055 | -9/Exiles | Lost 3 parts (1p1n1w) 3083 | -9/Exiles | Core integrity fell below 50% 3156 | -9/Exiles | Core integrity fell below 20% 3181 | -9/Exiles | Destroyed by 8R-AWN with 8R-AWN's Boregun Last Messages --------------- 03164_ HV Slug penetrates Wall. 03164_ Penetrated by HV Slug. 03164_ HV Slug penetrates Wall. 03168_ Penetrated by HV Slug. 03168_ HV Slug penetrates Wall. 03168_ Penetrated by HV Slug. 03168_ HV Slug penetrates Wall. 03169_ Slammed into 8R-AWN. 03172_ HV Slug penetrates Wall. 03172_ Penetrated by HV Slug. 03172_ Critical hit. 03172_ Shotgun destroyed. 03172_ HV Slug penetrates Wall. 03176_ Penetrated by HV Slug. 03176_ HV Slug penetrates Wall. 03176_ Penetrated by HV Slug. 03176_ HV Slug penetrates Wall. 03177_ Slammed into 8R-AWN. 03177_ Destabilizing: System corrupted (+1). 03181_ Penetrated by HV Slug. Map ----- +----------------------------------------------------+ | | | | | | | | | | | | | | | | | | | | | | | | | | | | | ????????????????#########????????????????????????? | | ????????????????# [ #????????????????????????? | | ????????????????# #????????????????????????? | | ????????????????# ! = #????????????????????????? | | ????????????????# X#????????????????????????? | | ????????????????## ##????????????????????????? | | ????????????????#X #?????????????????????????? | | ????????????????## #?????????????????????????? | | ?????????????????# #?????????????????????????? | | ?????????????????# #########?????????????????? | | ?????????????????# ##""" "#?????????????????? | | ?????????????????# ##@ ""#?????????????????? | | ?????????????????# g X""#?????????????????? | | ?????????????????# ;;! ""#?????????????????? | | ????????????###??# ##" #?????????????????? | | ???????????"""""?# ####;;###?????????????????? | | ???????????""" ## "???# #???????????????????? | | ?????????#""X" "????# #??????????????????? | | ?????????#" "?????# #?????????????????? | | ?????????#" #; ??????# #????????????????? | | ?????????#""""""## #######"#???????????????? | | ???????????"###??# #""""""""#??????????????? | | ?????????????????# #"""""""# ??????????????? | | ?????????????????# #"""""""#? ?????????????? | | ????????????????## """" """"#?? ????????????? | | ????????????????#" """"#???????????????? | | ????????????????#" """#???????????????? | | ????????????????# """#???????????????? | | ????????????????#" """#???????????????? | | ????????????????#" """#???????????????? | | ????????????????#" """##??????????????? | | ????????????????## """""??????????????? | | ?????????????????# """##??????????????? | | ?????????????????#" X" """""??????????????? | | ?????????????????#" """ # ??????????????? | | ?????????????????#" % """""""""#???????????????? | +----------------------------------------------------+ Best States ------------- Heat Dissipation 28 Energy Generation 14 Energy Capacity 265 Matter Stores 300 Matter Capacity 300 Sight Range 16 Terrain Scan Range 16 Terrain Scan Density 10 Armor Coverage 150 Evasion (%) 44 Recoil Reduction 2 Item Schematics ----------------- None Robot Schematics ------------------ None Fabricated ------------ Nothing Alien Tech Used ----------------- None Achievements -------------- None Challenges ------------ None Game ------ Seed TerrabombCoolingWell Manual? 0 Play Time 00:31:20 Cumulative 134.6 hours Start 2021.01.18 @ 17:38:09 End 2021.01.18 @ 18:14:17 Sessions 1 Manual Loads 0 Difficulty Rogue Special Mode None Game No. 86 Rogue 86 Adventurer 0 Explorer 0 Win Type - Total 3 Types 3/0/0/0/0/0/0/0/0 Lore% 34 Gallery% 56 Achievement% 44 Wizard Run 0 Options --------- ASCII 0 Keyboard 0 Movement Mouse Keybinds 0 Fullscreen 2 Font 18/TerminusBold Map View 76x50 Tactical HUD 1 Map Filters NONE Filters NONE Steam 1 RUN: 625a7b2d-b3fd-46cc-8740-de0627276d9e